 Dungeon Crawl Stone Soup version 0.28-a0-1429-gf3d713df7a (webtiles) character file.

Game seed: 18205292910249756921

71 HallandMoats the Skirmisher (level 4, -1/35 HPs)
             Began as a Demonspawn Fighter on Jan 9, 2022.
             Was a Believer of Makhleb.
             Slain by a goblin (4 damage)
             ... on level 3 of the Dungeon.
             The game lasted 00:01:25 (1657 turns).

HallandMoats the Skirmisher (Demonspawn Fighter)    Turns: 1657, Time: 00:01:26

Health: -1/35      AC:  6    Str: 18    XL:     4   Next: 5%
Magic:  5/5        EV:  9    Int:  9    God:    Makhleb [**....]
Gold:   32         SH:  4    Dex: 13    Spells: 3/3 levels left

rFire   . . .      SeeInvis .   a - +0 war axe
rCold   . . .      Faith    .   c - +0 buckler
rNeg    . . .      Spirit   .   b - +0 scale mail
rPois   .          Reflect  .   (no helmet)
rElec   .          Harm     .   (no cloak)
rCorr   .          Rampage  .   (no gloves)
Will    .....                   (no boots)
Stlth   ..........              (no amulet)
HPRegen 0.11/turn               (no ring)
MPRegen 0.09/turn               (no ring)

@: lethally poisoned (-1 -> -3)
A: ignite blood 1
a: Renounce Religion, Minor Destruction


You were on level 3 of the Dungeon.
You worshipped Makhleb.
Makhleb was pleased with you.
You visited 1 branch of the dungeon, and saw 3 of its levels.

You collected 32 gold pieces.

Inventory:

Hand Weapons
 a - a +0 war axe (weapon)
Armour
 b - a +0 scale mail (worn)
 c - a +0 buckler (worn)
Scrolls
 g - a scroll of vulnerability {unknown}
 h - a scroll of acquirement {unknown}
 j - a scroll of noise {unknown}
 k - 2 scrolls of identify {unknown}
 m - a scroll of magic mapping {unknown}
 n - a scroll of blinking {unknown}
Potions
 d - a potion of might
 e - a potion of brilliance {unknown}
 f - a potion of degeneration {unknown}
 i - a potion of heal wounds {unknown}
 l - a potion of magic {unknown}


   Skills:
 + Level 3.2 Fighting
 + Level 2.2 Axes
 + Level 2.9 Armour
 + Level 0.8 Dodging
 * Level 3.2 Shields
 * Level 2.4 Invocations


You had 3 spell levels left.
You didn't know any spells.
Your spell library was empty.

Dungeon Overview and Level Annotations

Branches:
Dungeon (3/15)

Altars:
Makhleb
Okawaru


Innate Abilities, Weirdness & Mutations

Your demonic aura sometimes causes spilled blood to erupt in flames.


Message History

You can now harness Makhleb's destructive might.
You feel better. The goblin barely misses you.
The hobgoblin closely misses you.
Things that are here:
a frilled lizard corpse; an adder corpse You slash the hobgoblin!
You kill the hobgoblin!
Makhleb accepts your kill.
You feel better.
You barely miss the goblin. The goblin barely misses you.
The goblin hits you with a +0 dagger. The adder bites you but does no damage.
You block the goblin's attack. The adder bites you.
You see here a hobgoblin corpse.
The goblin hits you but does no damage.
Things that are here:
a frilled lizard corpse; an adder corpse You slash the goblin!
You kill the goblin!
Makhleb accepts your kill.
You feel better. The adder bites you.
You miss the adder. You block the adder's attack. The adder bites you.
* * * LOW HITPOINT WARNING * * *
You are lethally poisoned!
The adder poisons you!
You slash the adder!
You kill the adder!
Makhleb accepts your kill.
* * * LOW HITPOINT WARNING * * *
You feel sick. The goblin hits you but does no damage.
You have reached level 4!
You feel agile.
Okay, then.
You barely miss the goblin.
* * * LOW HITPOINT WARNING * * *
You feel sick. The goblin hits you but does no damage.
You hit the goblin.
The goblin is severely wounded.
* * * LOW HITPOINT WARNING * * *
You feel sick. The goblin hits you with a +0 club.
You die...

.....####..#####...
...........#.....#
..#......><.#..
............#.#
.... #...###.....#
....
#.......#......
S....
#.#.#.g.#.#####
..... #....##.#
...g.. ##...wg@.#
......###?...###..#
............## ..#
...S.#......# ###
.............#
.......P.....#
...PP..P._...#
...PP..P..gw.#
...PP..PPPP..#


You could see a dart slug and a goblin.

Vanquished Creatures
  3 adders
  3 dart slugs
  2 ball pythons (D:1)
  6 bats
  4 endoplasms
  A giant cockroach (D:1)
  2 goblins
  3 hobgoblins
  3 jackals (D:2)
  3 kobolds
  3 frilled lizards
  3 rats
36 creatures vanquished.

Vanquished Creatures (others)
  A fungus (D:1)
  2 plants (D:1)
  A withered plant (D:1)
4 creatures vanquished.

Grand Total: 40 creatures vanquished

Notes
Turn   | Place    | Note
-------+----------+-------------------------------------------
     0 | D:1      | HallandMoats the Demonspawn Fighter began the quest for the
                  | Orb.
     0 | D:1      | Reached XP level 1. HP: 18/18 MP: 1/1
    80 | D:1      | Found a faded altar of an unknown god.
    87 | D:1      | Reached skill level 1 in Invocations
    87 | D:1      | Gained mutation: Your demonic aura sometimes causes spilled
                  | blood to erupt in flames. [demonic ancestry]
    87 | D:1      | Reached XP level 2. HP: 24/24 MP: 2/2
    87 | D:1      | Prayed at the altar of an unknown god.
    87 | D:1      | Became a worshipper of Makhleb the Destroyer
    87 | D:1      | Reached * piety under Makhleb
   364 | D:1      | You fall into a shaft and drop 1 floor!
  1013 | D:2      | Reached XP level 3. HP: 23/29 MP: 4/4
  1623 | D:3      | Found an iron altar of Okawaru.
  1647 | D:3      | Reached ** piety under Makhleb
  1656 | D:3      | Reached XP level 4. HP: 5/35 MP: 5/5
  1657 | D:3      | Slain by a goblin

Illustrated notes

Levels and vault maps discovered:
D:1:      scummos_arrival_simple_crosswalls, layout_basic,
          shapermc_ecumenical_altar_gd
D:2:      layout_loops_cross
D:3:      layout_rooms, mainiacjoe_overflow_chevrons, gammafunk_ghost_cemetery

Skill      XL: |  1  2  3 |
---------------+----------+-----
Invocations    | 1 2 |  2.4
Shields        | 3 |  3.2
Axes           | 2 |  2.2
Fighting       | |  3.2
Armour         | |  2.9
Dodging        | |  0.8

Action                   |  1- 3 |  4- 6 || total
-------------------------+-------+-------++-------
Melee: War axe           |    96 |     2 ||    98
Armor: Scale mail        |    42 |     1 ||    43
Dodge: Dodged            |    57 |       ||    57
Block: Buckler           |    22 |       ||    22

Table legend: (Time is in decaauts)
 A = Elapsed time spent in this place.
 B = Non-inter-level travel time spent in this place.
 C = Inter-level travel time spent in this place.
 D = Time resting spent in this place.
 E = Time spent auto-exploring this place.
 F = Levels seen in this place.
 G = Mean time per level.
                   A        B        C        D        E       F      G
               +--------+--------+--------+--------+--------+-----+--------+
         Total |   1700 |   1650 |     50 |      0 |   1387 |   3 |  566.7 |
       Dungeon |   1700 |   1650 |     50 |      0 |   1387 |   3 |  566.7 |
               +--------+--------+--------+--------+--------+-----+--------+

Top non-repeatable levels by time:
     D:2: 853 daAuts
     D:1: 801 daAuts
     D:3: 45 daAuts
